SAAA
ELLENBURG FIGHTING DACHSUNDS @ NAPERVILLE BATTLEKINGS
07/18/2025
 
TOP OF THE 1ST
Ellenburg Fighting Dachsunds batting - Pitching for Naperville Battlekings : RHP Chris Hayes
Pitching: RHP Chris Hayes
Batting: RHB William Walls 0-0: Called Strike
0-1: Ground out 4-3 (Groundball, 4)
Batting: RHB Juan Ramos 0-0: Fly out, F8 (Line Drive, 8RD)
Batting: RHB Ed Adams 0-0: Foul Ball, location: 2F
0-1: Ground out 5-3 (Groundball, 56S)
Top of the 1st over - 0 run(s), 0 hit(s), 0 error(s), 0 left on base; Ellenburg 0 - Naperville 0
BOTTOM OF THE 1ST
Naperville Battlekings batting - Pitching for Ellenburg Fighting Dachsunds : RHP Bill Gentry
Pitching: RHP Bill Gentry
Batting: RHB Miguel Rodríguez 0-0: Ball
1-0: Ground out 6-3 (Groundball, 6)
Batting: RHB Sal Haynes 0-0: Ball
1-0: Called Strike
1-1: Foul Ball, location: 2F
1-2: Fly out, F9 (Flyball, 9LS)
Batting: RHB Jorge Baker 0-0: Ball
1-0: Ball
2-0: Called Strike
2-1: Ball
3-1: Swinging Strike
3-2: Ground out 5-3 (Groundball, 5S)
Bottom of the 1st over - 0 run(s), 0 hit(s), 0 error(s), 0 left on base; Ellenburg 0 - Naperville 0
TOP OF THE 2ND
Ellenburg Fighting Dachsunds batting - Pitching for Naperville Battlekings : RHP Chris Hayes
Batting: RHB Preston Hernández 0-0: Ball
1-0: SOLO HOME RUN (Line Drive, 78XD), Distance : 407 ft
Batting: RHB Francis Kelly 0-0: Swinging Strike
0-1: Foul Ball, location: 2F
0-2: Ball
1-2: SINGLE (Line Drive, 7S)
Batting: RHB Meka Knight 0-0: Foul Ball, location: 2F
0-1: SINGLE (Groundball, 56D)
Francis Kelly to second
Batting: RHB José Vázquez 0-0: Swinging Strike
0-1: Called Strike
0-2: Ball
1-2: Strikes out looking
Batting: RHB Jack Burton 0-0: Ball
1-0: Swinging Strike
1-1: Ball
2-1: Ball
3-1: Base on Balls
Francis Kelly to third
Meka Knight to second
Batting: RHB Charles Jordan 0-0: Ball
1-0: Ground out U3 (Groundball, 34S)
Francis Kelly scores
Meka Knight to third
Jack Burton to second
Batting: RHB William Walls 0-0: Called Strike
0-1: Called Strike
0-2: Fly out, F4 (Line Drive, 4M)
Top of the 2nd over - 2 run(s), 3 hit(s), 0 error(s), 2 left on base; Ellenburg 2 - Naperville 0
BOTTOM OF THE 2ND
Naperville Battlekings batting - Pitching for Ellenburg Fighting Dachsunds : RHP Bill Gentry
Batting: RHB António Guzmán 0-0: Ball
1-0: Ball
2-0: Swinging Strike
2-1: SINGLE (Groundball, 6MD)
Batting: LHB Philip Strickland 0-0: Ball
1-0: Ball
2-0: Ball
3-0: Called Strike
3-1: Called Strike
3-2: Foul Ball, location: 2F
3-2: Foul Ball, location: 2F
3-2: SINGLE (Groundball, 6M) (infield hit)
António Guzmán to second
Batting: RHB Álex Rodríguez 0-0: Fly out, F9 (Flyball, 89D)
Batting: RHB Jimmy Dawson 0-0: Ball
1-0: Reached on error, E5 (Groundball, 56)
António Guzmán to third
Philip Strickland to second
Batting: RHB Kevin Tyler 0-0: Ball
1-0: Fly out, F3 (Line Drive, 34)
Batting: SHB Daryl Lloyd 0-0: Ball
1-0: Called Strike
1-1: Ball
2-1: Ball
3-1: SINGLE (Groundball, 56D)
António Guzmán scores
Philip Strickland to third
Jimmy Dawson to second
Runner from 3rd tries for Home, throw and OUT!
Bottom of the 2nd over - 1 run(s), 3 hit(s), 1 error(s), 2 left on base; Ellenburg 2 - Naperville 1
TOP OF THE 3RD
Ellenburg Fighting Dachsunds batting - Pitching for Naperville Battlekings : RHP Chris Hayes
Batting: RHB Juan Ramos 0-0: Foul Ball, location: 2F
0-1: Ball
1-1: Ground out 5-3 (Groundball, 56)
Batting: RHB Ed Adams 0-0: Foul Ball, location: 2F
0-1: Foul Ball, location: 2F
0-2: Ground out 1-3 (Groundball, 15S)
Batting: RHB Preston Hernández 0-0: Ball
1-0: Called Strike
1-1: SOLO HOME RUN (Flyball, 7LD), Distance : 342 ft
Batting: RHB Francis Kelly 0-0: Ball
1-0: Ball
2-0: Foul Ball, location: 2F
2-1: SINGLE (Groundball, 56D)
Batting: RHB Meka Knight 0-0: Ball
1-0: Called Strike
1-1: Ball
2-1: Foul Ball, location: 2F
2-2: Fielders Choice at 2nd, 6-4 (Groundball, 6)
Top of the 3rd over - 1 run(s), 2 hit(s), 0 error(s), 0 left on base; Ellenburg 3 - Naperville 1
BOTTOM OF THE 3RD
Naperville Battlekings batting - Pitching for Ellenburg Fighting Dachsunds : RHP Bill Gentry
Batting: RHB Miguel Rodríguez 0-0: Ball
1-0: Called Strike
1-1: Called Strike
1-2: Ball
2-2: Fly out, F8 (Flyball, 8RS)
Batting: RHB Sal Haynes 0-0: Ball
1-0: Ball
2-0: Ball
3-0: Called Strike
3-1: Swinging Strike
3-2: Strikes out swinging
Batting: RHB Jorge Baker 0-0: Ball
1-0: Foul Ball, location: 2F
1-1: Ground out 5-3 (Groundball, 5)
Bottom of the 3rd over - 0 run(s), 0 hit(s), 0 error(s), 0 left on base; Ellenburg 3 - Naperville 1
TOP OF THE 4TH
Ellenburg Fighting Dachsunds batting - Pitching for Naperville Battlekings : RHP Chris Hayes
Batting: RHB José Vázquez 0-0: Ball
1-0: Ball
2-0: Ball
3-0: Called Strike
3-1: Called Strike
3-2: SINGLE (Line Drive, 89S)
Batting: RHB Jack Burton 0-0: Ball
1-0: Swinging Strike
1-1: Ball
2-1: Ball
3-1: Fly out, F7 (Flyball, 7LS)
Batting: RHB Charles Jordan 0-0: Called Strike
0-1: Ball
1-1: Foul Ball, location: 2F
1-2: Foul Ball, location: 2F
1-2: Ball
2-2: Strikes out swinging
Batting: RHB William Walls 0-0: Ball
1-0: Ball
2-0: Called Strike
2-1: Foul Ball, location: 2F
2-2: Foul Ball, location: 2F
2-2: Fly out, F8 (Flyball, 8LM)
Top of the 4th over - 0 run(s), 1 hit(s), 0 error(s), 1 left on base; Ellenburg 3 - Naperville 1
BOTTOM OF THE 4TH
Naperville Battlekings batting - Pitching for Ellenburg Fighting Dachsunds : RHP Bill Gentry
Batting: RHB António Guzmán 0-0: Ball
1-0: Swinging Strike
1-1: Foul Ball, location: 2F
1-2: Strikes out swinging
Batting: LHB Philip Strickland 0-0: Called Strike
0-1: Foul Ball, location: 2F
0-2: SINGLE (Line Drive, 34)
Batting: RHB Álex Rodríguez 0-0: Called Strike
0-1: Fly out, F6 (Popup, 5D)
Batting: RHB Jimmy Dawson 0-0: Ball
1-0: Ground out 6-3 (Groundball, 6M)
Bottom of the 4th over - 0 run(s), 1 hit(s), 0 error(s), 1 left on base; Ellenburg 3 - Naperville 1
TOP OF THE 5TH
Ellenburg Fighting Dachsunds batting - Pitching for Naperville Battlekings : RHP Chris Hayes
Batting: RHB Juan Ramos 0-0: Ball
1-0: Ball
2-0: Ball
3-0: Base on Balls
Batting: RHB Ed Adams Pickoff Throw to First - Out!
0-0: Reached on error, E2 (Groundball, 2L)
Batting: RHB Preston Hernández 0-0: Intentional Walk
Batting: RHB Francis Kelly 0-0: Ball
1-0: Called Strike
1-1: Ball
2-1: Grounds into double play, 5-4-3 (Groundball, 5)
Top of the 5th over - 0 run(s), 0 hit(s), 1 error(s), 1 left on base; Ellenburg 3 - Naperville 1
BOTTOM OF THE 5TH
Naperville Battlekings batting - Pitching for Ellenburg Fighting Dachsunds : RHP Bill Gentry
Batting: RHB Kevin Tyler 0-0: Called Strike
0-1: Ball
1-1: Foul Ball, location: 2F
1-2: Foul Ball, location: 2F
1-2: Foul Ball, location: 2F
1-2: Strikes out swinging
Batting: SHB Daryl Lloyd 0-0: Called Strike
0-1: SINGLE (Line Drive, 6MD)
Batting: RHB Miguel Rodríguez 0-0: Fly out, F9 (Flyball, 9S)
Batting: RHB Sal Haynes 0-0: Ball
1-0: Ball
2-0: Fielders Choice at 2nd, 6-4 (Groundball, 6)
Bottom of the 5th over - 0 run(s), 1 hit(s), 0 error(s), 0 left on base; Ellenburg 3 - Naperville 1
TOP OF THE 6TH
Ellenburg Fighting Dachsunds batting - Pitching for Naperville Battlekings : RHP Chris Hayes
Batting: RHB Meka Knight 0-0: Called Strike
0-1: Called Strike
0-2: Fly out, F9 (Flyball, 9LM)
Batting: RHB José Vázquez 0-0: Called Strike
0-1: Fly out, F8 (Flyball, 8RS)
Batting: RHB Jack Burton 0-0: Ball
1-0: Called Strike
1-1: Fly out, F3 (Line Drive, 3)
Top of the 6th over - 0 run(s), 0 hit(s), 0 error(s), 0 left on base; Ellenburg 3 - Naperville 1
BOTTOM OF THE 6TH
Naperville Battlekings batting - Pitching for Ellenburg Fighting Dachsunds : RHP Bill Gentry
Batting: RHB Jorge Baker 0-0: Ball
1-0: Ball
2-0: Ball
3-0: Called Strike
3-1: Base on Balls
Batting: RHB António Guzmán 0-0: Called Strike
0-1: Fly out, F9 (Flyball, 89S)
Batting: LHB Philip Strickland 0-0: Ball
1-0: DOUBLE (Flyball, 8LD)
Jorge Baker to third
Runner from 3rd tries for Home, SAFE, throw made home
Batting: RHB Álex Rodríguez 0-0: SINGLE (Line Drive, 3)
Philip Strickland to third
Runner from 3rd tries for Home, SAFE, throw made home
Álex Rodríguez to second
Batting: RHB Jimmy Dawson 0-0: Intentional Walk
Batting: RHB Kevin Tyler 0-0: SINGLE (Groundball, 5D)
Álex Rodríguez to third
Jimmy Dawson to second
Runner from 3rd tries for Home, SAFE, throw made home
Batting: SHB Daryl Lloyd 0-0: Ball
1-0: Ball
2-0: SINGLE (Groundball, 4) (infield hit)
Jimmy Dawson to third
Kevin Tyler to second
Batting: RHB Miguel Rodríguez 0-0: Called Strike
0-1: Foul Ball, location: 2F
0-2: Reached on error, E7 (Flyball, 7)
Jimmy Dawson scores
Kevin Tyler to third
Daryl Lloyd to second
Batting: RHB Sal Haynes 0-0: Foul Ball, location: 2F
0-1: Foul Ball, location: 2F
0-2: SINGLE (Flyball, 9LM)
Kevin Tyler scores
Daryl Lloyd to third
Miguel Rodríguez to second
Runner from 3rd tries for Home, SAFE, no throw
Pitching: LHP Joaquín Velázquez
Batting: RHB Jorge Baker 0-0: Ball
1-0: Ball
2-0: Foul Ball, location: 2F
2-1: Foul Ball, location: 2F
2-2: Strikes out swinging
Batting: RHB António Guzmán 0-0: Ball
1-0: SINGLE (Line Drive, 56D)
Miguel Rodríguez to third
Sal Haynes to second
Runner from 3rd tries for Home, SAFE, no throw
Batting: LHB Philip Strickland 0-0: Foul Ball, location: 2F
0-1: Foul Ball, location: 2F
0-2: SINGLE (Flyball, 7S)
Sal Haynes to third
António Guzmán to second
Runner from 3rd tries for Home, SAFE, throw made home
António Guzmán to third
Philip Strickland to second
Batting: RHB Álex Rodríguez 0-0: Called Strike
0-1: Ball
1-1: Called Strike
1-2: Ground out 5-3 (Groundball, 5)
Bottom of the 6th over - 8 run(s), 7 hit(s), 1 error(s), 2 left on base; Ellenburg 3 - Naperville 9
TOP OF THE 7TH
Ellenburg Fighting Dachsunds batting - Pitching for Naperville Battlekings : RHP Chris Hayes
Batting: RHB Charles Jordan 0-0: Swinging Strike
0-1: Ball
1-1: Called Strike
1-2: Ball
2-2: Strikes out swinging
Batting: RHB William Walls 0-0: Ball
1-0: Swinging Strike
1-1: Ground out 3-1 (Groundball, 34S)
Batting: RHB Juan Ramos 0-0: Called Strike
0-1: Swinging Strike
0-2: Ball
1-2: Foul Ball, location: 2F
1-2: Ball
2-2: Foul Ball, location: 2F
2-2: Foul Ball, location: 2F
2-2: Foul Ball, location: 2F
2-2: Ball
3-2: Foul Ball, location: 2F
3-2: SINGLE (Flyball, 9S) - OUT at second base trying to stretch hit.
Top of the 7th over - 0 run(s), 1 hit(s), 0 error(s), 0 left on base; Ellenburg 3 - Naperville 9
BOTTOM OF THE 7TH
Naperville Battlekings batting - Pitching for Ellenburg Fighting Dachsunds : LHP Joaquín Velázquez
Batting: RHB Jimmy Dawson 0-0: Called Strike
0-1: Fly out, F5 (Line Drive, 56)
Batting: RHB Kevin Tyler 0-0: Swinging Strike
0-1: Ball
1-1: Swinging Strike
1-2: Ball
2-2: Ball
3-2: Strikes out swinging
Batting: SHB Daryl Lloyd 0-0: Ground out 5-3 (Groundball, 5S)
Bottom of the 7th over - 0 run(s), 0 hit(s), 0 error(s), 0 left on base; Ellenburg 3 - Naperville 9
TOP OF THE 8TH
Ellenburg Fighting Dachsunds batting - Pitching for Naperville Battlekings : RHP Chris Hayes
Batting: RHB Ed Adams 0-0: Ball
1-0: Fly out, F9 (Flyball, 9S)
Batting: RHB Preston Hernández 0-0: Ball
1-0: Ball
2-0: Called Strike
2-1: Ball
3-1: Foul Ball, location: 2F
3-2: Base on Balls
Batting: RHB Francis Kelly 0-0: Foul Ball, location: 2F
0-1: Foul Ball, location: 2F
0-2: Ball
1-2: Ball
2-2: Ball
3-2: Fly out, F4 (Line Drive, 4MD)
Lined into DP, 4-3 (Line Drive, 4MD)
Top of the 8th over - 0 run(s), 0 hit(s), 0 error(s), 0 left on base; Ellenburg 3 - Naperville 9
BOTTOM OF THE 8TH
Naperville Battlekings batting - Pitching for Ellenburg Fighting Dachsunds : LHP Joaquín Velázquez
Batting: RHB Miguel Rodríguez 0-0: SINGLE (Line Drive, 6M)
Batting: RHB Sal Haynes 0-0: Ball
1-0: SINGLE (Line Drive, 8LS)
Miguel Rodríguez to second
Batting: RHB Jorge Baker 0-0: Called Strike
0-1: Ball
1-1: Ball
2-1: Ball
3-1: Base on Balls
Miguel Rodríguez to third
Sal Haynes to second
Batting: RHB António Guzmán 0-0: Ball
1-0: Ball
2-0: Ball
3-0: Called Strike
3-1: Foul Ball, location: 2F
3-2: Base on Balls
Miguel Rodríguez scores
Sal Haynes to third
Jorge Baker to second
Batting: LHB Philip Strickland 0-0: Ball
1-0: Ball
2-0: Swinging Strike
2-1: Foul Ball, location: 2F
2-2: Ball
3-2: Base on Balls
Sal Haynes scores
Jorge Baker to third
António Guzmán to second
Batting: RHB Álex Rodríguez 0-0: Called Strike
0-1: Foul Ball, location: 2F
0-2: Foul Ball, location: 2F
0-2: Ball
1-2: Strikes out swinging
Batting: RHB Jimmy Dawson 0-0: Ball
1-0: Swinging Strike
1-1: Foul Ball, location: 2F
1-2: Ball
2-2: Foul Ball, location: 2F
2-2: Strikes out swinging
Batting: RHB Kevin Tyler 0-0: Foul Ball, location: 2F
0-1: Ball
1-1: Foul Ball, location: 2F
1-2: Foul Ball, location: 2F
1-2: Ball
2-2: DOUBLE (Line Drive, 89M)
Jorge Baker scores
António Guzmán scores
Philip Strickland to third
Runner from 3rd tries for Home, SAFE, no throw
Pitching: RHP Jim Unknown
Batting: SHB Daryl Lloyd 0-0: Fly out, F7 (Flyball, 7S)
Bottom of the 8th over - 5 run(s), 3 hit(s), 0 error(s), 1 left on base; Ellenburg 3 - Naperville 14
TOP OF THE 9TH
Ellenburg Fighting Dachsunds batting - Pitching for Naperville Battlekings : RHP Chris Hayes
Pitching: RHP Morgan MacDonald
Now at C: Edward Payne
Batting: RHB Meka Knight 0-0: Ball
1-0: Ball
2-0: Ball
3-0: Base on Balls
Batting: RHB José Vázquez 0-0: Ball
1-0: Ball
2-0: DOUBLE (Line Drive, 78D)
Meka Knight to third
Batting: RHB Jack Burton 0-0: Called Strike
0-1: Foul Ball, location: 2F
0-2: Ground out 4-3 (Groundball, 4)
Meka Knight scores
José Vázquez to third
Batting: RHB Charles Jordan 0-0: Ball
1-0: Ball
2-0: Foul Ball, location: 2F
2-1: Ground out 4-3 (Groundball, 4)
José Vázquez scores
Batting: RHB William Walls 0-0: Ball
1-0: Ball
2-0: Called Strike
2-1: Called Strike
2-2: Foul Ball, location: 2F
2-2: Ball
3-2: Foul Ball, location: 2F
3-2: Strikes out swinging
Top of the 9th over - 2 run(s), 1 hit(s), 0 error(s), 0 left on base; Ellenburg 5 - Naperville 14
Friday, December 30th, 2016 - OOTP Baseball 17.12 Build 75